 Dungeon Crawl Stone Soup version 0.19-b1-1-g9a3527e (webtiles) character file.

761 Inkary the Basher (level 7, -1/41 HPs)
             Began as a Gargoyle Fighter on Oct 28, 2016.
             Was a Follower of Okawaru.
             Slain by Prince Ribbit (2 damage)
             ... on level 5 of the Dungeon.
             The game lasted 00:05:32 (3330 turns).

Inkary the Basher (Gargoyle Fighter)                Turns: 3330, Time: 00:05:33

Health: -1/41      AC: 12    Str: 22    XL:     7   Next: 80%
Magic:  7/7        EV:  7    Int:  8    God:    Okawaru [*.....]
Gold:   190        SH:  9    Dex:  9    Spells: 0 memorised, 6 levels left

rFire  . . .     SeeInvis .     a - +0 flail
rCold  . . .     Gourm    .     b - +0 scale mail
rNeg   + . .     Faith    .     c - +0 shield
rPois  ∞         Spirit   .     (no helmet)
rElec  +         Reflect  .     v - +0 cloak
rCorr  .         Harm     .     (no gloves)
MR     .....                    (no boots)
Stlth  ..........               (no amulet)
                                (no ring)
                                (no ring)

@: no status effects
A: negative energy resistance 1, electricity resistance, unbreathing,
petrification resistance, rot immunity, AC +4
a: Heroism, Renounce Religion


You were on level 5 of the Dungeon.
You worshipped Okawaru.
Okawaru was aware of your devotion.
You were not hungry.

You visited 1 branch of the dungeon, and saw 5 of its levels.

You collected 190 gold pieces.

Inventory:

Hand Weapons
 a - a +0 flail (weapon)
Armour
 b - a +0 scale mail (worn)
 c - a +0 shield (worn)
 v - a +0 cloak (worn)
Jewellery
 d - a +6 ring of intelligence {unknown}
 r - an uncursed ring of see invisible {unknown}
Scrolls
 g - a scroll of noise
 k - 2 scrolls of remove curse
 l - 4 scrolls of identify
 p - a scroll of blinking
 q - 3 scrolls of fear
 s - a scroll of magic mapping
Potions
 j - a potion of heal wounds
 m - 2 potions of degeneration {unknown}
 t - a potion of haste {unknown}
Comestibles
 f - 4 bread rations
 h - a beef jerky
 i - 2 meat rations
 n - a royal jelly
 o - 3 fruits
 u - 2 chunks of flesh


   Skills:
 - Level 3.2 Fighting
 * Level 8.6 Maces & Flails
 - Level 3.2 Armour
 - Level 3.2 Shields


You had 6 spell levels left.
You didn't know any spells.

Dungeon Overview and Level Annotations

Branches:
Dungeon (5/15)
 Temple: D:4-7

Altars:
Fedhas
Okawaru
Yredelemnul

Annotations:
D:5 Lluna's ghost, amateur KoHu; Prince Ribbit


Innate Abilities, Weirdness & Mutations

You are resistant to torment.
Your stone body is resilient. (AC +4)
You are immune to poison.
You resist negative energy. (rN+)
You are resistant to electric shocks. (rElec)
You can survive without breathing.
You are immune to petrification.
You are immune to rotting.


Message History

Found 11 gold pieces.
The orc wizard casts a spell at you. The magic dart hits you!
The orc wizard gestures at you while chanting.
The magic dart hits you!
Found an escape hatch in the ceiling.
The orc wizard points at you and mumbles some strange words.
The magic dart hits you!
* * * LOW HITPOINT WARNING * * *
Found a beef jerky.
You see here a scroll of identify.
Prince Ribbit comes into view.
Prince Ribbit gives a loud, deep croak!
Prince Ribbit blinks!
Prince Ribbit hops awkwardly around.
Found a robe.
Prince Ribbit hits you!
* * * LOW HITPOINT WARNING * * *
Prince Ribbit hits you.
You die...

**≈#####*≈##...o..........#
*≈≈≈≈≈≈≈≈≈≈#..............#
*≈≈≈****≈≈≈##......$......#
**≈**≈≈**≈**#....?........#
*≈*≈∩≈≈*≈* #....##....<..#
*≈*≈≈≈≈*≈* #######.......#
**≈**≈≈**≈**#.............#
*≈≈≈*≈≈*≈≈≈##.............#
*≈≈≈≈≈≈*≈≈≈#....@F........#
**≈******≈*#..............#
*** *,#[..............#
*...#....##.......#
*##*#######.......#
*,.......* *,......,*
*,,,...,,* *,,,,,,,,*


You could see Prince Ribbit.

Vanquished Creatures
  Grinder (D:3)
  A necrophage (D:4)
  The ghost of Lluna the Bolt Thrower, an amateur KoHu of Trog (D:3)
  A bullfrog (D:5)
  An orc priest (D:5)
  3 bullfrog skeletons (D:4)
  2 iguanas
  Terence (D:3)
  A worker ant (D:3)
  2 adders (D:3)
  An ooze (D:1)
  3 worms
  5 dart slugs
  3 leopard geckos
  8 orcs
  5 bats
  A giant cockroach (D:3)
  6 goblins
  5 hobgoblins
  3 jackals (D:4)
  11 kobolds
  4 ball pythons
  A ball python skeleton (D:4)
  3 frilled lizards (D:3)
  2 goblin zombies (D:4)
  4 rats
79 creatures vanquished.

Notes
Turn   | Place    | Note
-------+----------+-------------------------------------------
     0 | D:1      | Inkary the Gargoyle Fighter began the quest for the Orb.
     0 | D:1      | Reached XP level 1. HP: 14/14 MP: 1/1
   112 | D:1      | Reached XP level 2. HP: 15/19 MP: 2/2
   150 | D:1      | Reached skill level 3 in Maces & Flails
   379 | D:1      | Reached XP level 3. HP: 23/23 MP: 3/3
   776 | D:2      | Reached skill level 4 in Maces & Flails
  1142 | D:3      | Found a blossoming altar of Fedhas.
  1177 | D:3      | Reached XP level 4. HP: 13/28 MP: 4/4
  1439 | D:3      | Noticed Terence
  1463 | D:3      | Killed Terence
  1463 | D:3      | Reached skill level 5 in Maces & Flails
  1463 | D:3      | Reached XP level 5. HP: 21/32 MP: 5/5
  1487 | D:3      | Noticed Lluna's ghost (amateur KoHu)
  1505 | D:3      | Killed Lluna's ghost
  1777 | D:3      | Reached skill level 6 in Maces & Flails
  1877 | D:3      | Found an iron altar of Okawaru.
  1966 | D:3      | Became a worshipper of Warmaster Okawaru
  2045 | D:3      | Reached XP level 6. HP: 37/37 MP: 6/6
  2117 | D:3      | Noticed Grinder
  2143 | D:3      | Killed Grinder
  2143 | D:3      | Reached skill level 7 in Maces & Flails
  2570 | D:4      | Reached XP level 7. HP: 41/41 MP: 7/7
  2714 | D:4      | Found a runed door.
  2714 | D:4      | Noticed a human
  2739 | D:4      | Found a basalt altar of Yredelemnul.
  3061 | D:4      | Reached skill level 8 in Maces & Flails
  3107 | D:5      | Entered Level 5 of the Dungeon
  3141 | D:5      | Noticed a hornet
  3144 | D:5      | Noticed Lluna's ghost (amateur KoHu)
  3173 | D:5      | Reached * piety under Okawaru
  3186 | D:5      | HP: 1/41 [bullfrog (4)]
  3327 | D:5      | Noticed Prince Ribbit
  3329 | D:5      | HP: 1/41 [Prince Ribbit (11)]
  3330 | D:5      | Slain by Prince Ribbit

Skill      XL: |  1  2  3  4  5  6  7 |
---------------+----------------------+-----
Maces & Flails | 3 4 5 6 7 8 |  8.6
Fighting       | |  3.2
Armour         | |  3.2
Shields        | |  3.2

Action                   |  1- 3 |  4- 6 |  7- 9 || total
-------------------------+-------+-------+-------++-------
Melee: Flail             |   116 |   162 |   103 ||   381
  Use: Potion            |       |     3 |       ||     3
       Scroll            |       |       |     8 ||     8
  Eat: Chunk             |       |     6 |     2 ||     8
Armor: Scale mail        |    70 |   134 |    51 ||   255
Dodge: Dodged            |    37 |    61 |    32 ||   130
Block: Shield            |    56 |   121 |    45 ||   222
